 Dungeon Crawl Stone Soup version 0.30.0 (webtiles) character file.

Game seed: 12967409483721451109

7166 Dani the Cleaver (level 10, -11/69 (70) HPs)
             Began as a Demonspawn Gladiator on May 13, 2023.
             Was an Initiate of Gozag.
             Mangled by a death yak (23 damage)
             ... on level 9 of the Dungeon.
             The game lasted 00:29:20 (11433 turns).

Dani the Cleaver (Demonspawn Gladiator)            Turns: 11433, Time: 00:29:20

HP:   -11/69 (70)   AC: 14    Str: 19    XL:     10   Next: 86%
MP:   10/10         EV: 12    Int: 13    God:    Gozag
Gold: 807           SH:  0    Dex: 17    Spells: 9/9 levels left

rFire   + + .        e - +2 hand axe of Naorcheq {heavy, rF++}
rCold   . . .        (no shield)
rNeg    . . .        m - +3 ring mail of Hairiness {rPois Int+3 Dex+3}
rPois   +            (helmet restricted)
rElec   .            f - +0 cloak
rCorr   .            H - +0 pair of gloves
SInv    .            M - +2 pair of boots
Will    .....        (no amulet)
Stlth   +            l - ring of flight
HPRegen 0.31/turn    (no ring)
MPRegen 0.12/turn

%: no passive effects
@: flying, lightly drained
A: antennae 2, sharp scales 1
a: Renounce Religion, Potion Petition, Call Merchant, Bribe Branch


You were on level 9 of the Dungeon.
You worshipped Gozag.
Gozag was pleased with you.
You visited 2 branches of the dungeon, and saw 11 of its levels.

You collected 2219 gold pieces.
You spent 611 gold pieces at shops.
You paid 801 gold pieces to Gozag.

Inventory:

Hand Weapons
 a - a +1 war axe
 e - the +2 hand axe of Naorcheq (weapon) {heavy, rF++}
   (You took it off an orc warrior on level 6 of the Dungeon)

   rF:        It greatly protects you from fire.
 n - a +3 flail of venom
   (You took it off Edmund on level 4 of the Dungeon)
Missiles
 w - 17 poisoned darts (quivered)
 J - 2 javelins
 Z - a throwing net
Armour
 b - a +0 leather armour
 c - a +0 helmet
 f - a +0 cloak (worn)
   (You found it on level 1 of the Dungeon)
 g - a +0 ring mail
   (You took it off a goblin on level 1 of the Dungeon)
 i - a +0 pair of boots
   (You found it on level 4 of the Dungeon)
 m - the +3 ring mail of Hairiness (worn) {rPois Int+3 Dex+3}
   (You found it on level 3 of the Dungeon)

   Int:       It affects your intelligence (+3).
   Dex:       It affects your dexterity (+3).
   rPois:     It protects you from poison.
 H - a +0 pair of gloves (worn)
   (You found it on level 7 of the Dungeon)
 M - a +2 pair of boots (worn)
   (You found it on level 9 of the Dungeon)
Jewellery
 k - a ring of wizardry
   (You found it on level 8 of the Dungeon)
 l - a ring of flight (left hand)
   (You found it on level 4 of the Dungeon)
 A - a ring of fire
   (You found it on level 5 of the Dungeon)
 C - a ring of wizardry
   (You found it on level 6 of the Dungeon)
 L - a ring of fire
   (You found it on level 7 of the Dungeon)
Wands
 I - a wand of iceblast (17)
   (You found it on level 5 of the Dungeon)
 V - a wand of flame (23)
   (You found it on level 5 of the Dungeon)
Scrolls
 d - 5 scrolls of enchant armour
 h - 2 scrolls of immolation
 j - 2 scrolls of vulnerability
 r - 4 scrolls of poison {unknown}
 s - 2 scrolls of teleportation {unknown}
 t - a scroll of fear {unknown}
 u - a scroll of fog
 v - 2 scrolls of magic mapping {unknown}
 z - 2 scrolls of summoning {unknown}
 B - 3 scrolls of blinking
 F - a scroll of amnesia {unknown}
Potions
 o - 3 potions of magic
 p - 2 potions of resistance
 x - 2 potions of haste {unknown}
 y - 2 potions of degeneration
 D - 2 potions of brilliance {unknown}
 E - 2 potions of lignification {unknown}
 G - 2 potions of mutation {unknown}
 K - a potion of attraction
 Q - 7 potions of curing {@q1}


   Skills:
 + Level 3.5 Fighting
 + Level 14.4 Axes
 - Level 1.7 Throwing
 + Level 2.4 Armour
 + Level 3.8 Dodging
 + Level 2.7 Evocations


You had 9 spell levels left.
You didn't know any spells.
Your spell library contained the following spells:

 Spells                   Type           Power      Damage    Failure   Level
 Ensorcelled Hibernation  Hex/Ice        0%         N/A       61%         2
 Passwall                 Tmut/Erth      0%         N/A       61%         2
 Swiftness                Air            0%         N/A       83%         3


Dungeon Overview and Level Annotations

Branches:
Dungeon (10/15)            Temple (1/1) D:5
   Lair: D:8-11         Orc: D:9-12

Altars:
Fedhas
Gozag
Hepliaklqana
Makhleb
Qazlal
Ru
Sif Muna
Uskayaw
Vehumet
Xom
Yredelemnul

Shops:
D:4 *!?*   D:6 (   D:8 [   D:9 :   D:10 !


Innate Abilities, Weirdness & Mutations

You have a pair of antennae on your head.
You are partially covered in razor-sharp scales. (AC +1, Slay +1)


Message History

You barely miss the hell rat.
The hell rat is moderately wounded.
The death yak bellows!
The hell rat closely misses you.
You closely miss the hell rat.
The hell rat is moderately wounded.
The hell rat misses you.
A death yak comes into view.
You barely miss the hell rat.
The hell rat is moderately wounded.
The hell rat barely misses you.
You hit the hell rat.
The hell rat is heavily wounded.
The orc warrior is distracted by your dazzling golden aura.
The hell rat bites you but does no damage.
You barely miss the hell rat.
The hell rat is heavily wounded.
The orc warrior shouts!
The orc warrior is no longer distracted by gold.
The orc warrior barely misses you. The hell rat closely misses you.
You hit the hell rat. You punch the hell rat.
The hell rat is heavily wounded.
The hell rat completely misses you.
You slice the hell rat!!
You kill the hell rat!
You see here 6 gold pieces.
You see here a +0 spear.
Things that are here:
a +0 whip; a +0 ring mail; a +0 heavy spear You see here a +0 whip.
There is a stone staircase leading up here.
You fly upwards.
There is a stone staircase leading down here.
There is an open door here.
There is an open door here.
There is a stone staircase leading down here.
You fly downwards.
The two-headed ogre shouts in stereo!
There is a stone staircase leading up here.
Search for what [Enter for "arte", or ? for help]? dart You fly upwards.
There is a stone staircase leading down here.
There is an open door here.
There is an open door here.
There is a stone staircase leading down here.
You fly downwards.
Found a potion of resistance.
There is a stone staircase leading up here.
Found a potion of heal wounds.
p - 2 potions of resistance (gained 1)
Okay, then.
q - a potion of heal wounds
Found Nibb's Distillery.
Unknown command.
The death yak bellows!
The death yak gores you but does no damage.
The death yak attacks as you move away! The death yak closely misses you.
The death yak attacks as you move away!
The death yak gores you but does no damage.
The death yak attacks as you move away! The death yak closely misses you.
The death yak attacks as you move away! The death yak gores you!!
Okay, then.
The death yak attacks as you move away! The death yak closely misses you.
Okay, then.
There is a stone staircase leading up here.
Okay, then.
Unknown command.
The death yak gores you but does no damage.
You fly upwards.
There is a stone staircase leading down here.
You slash the death yak!
The death yak is lightly wounded.
The death yak gores you.
You slash the death yak!
The death yak is moderately wounded.
You completely miss the death yak.
The death yak is moderately wounded.
The death yak gores you!
* * * LOW HITPOINT WARNING * * *
You hit the death yak.
The death yak is moderately wounded.
The death yak gores you.
* * * LOW HITPOINT WARNING * * *
You slash the death yak!
The death yak is heavily wounded.
The death yak closely misses you.
You barely miss the death yak.
You punch the death yak, but do no damage.
The death yak is heavily wounded.
The death yak gores you!
* * * LOW HITPOINT WARNING * * *
You barely miss the death yak.
The death yak is heavily wounded.
The death yak gores you!
* * * LOW HITPOINT WARNING * * *
You feel much better. The death yak gores you!!
* * * LOW HITPOINT WARNING * * *
You feel better. The death yak gores you!!
You die...
Your body crumbles into a pile of gold.

######### #######
#.......# ......#
#.....Y.# #########
......####......@#
#........
......##.'.......#
#........
.........#.......#
#........
......####.......#
#........ ......#
#.......########........
∩.....#
#.......'.....##........
......#
#.......#####..#........
#.##### ####'####
##.'........ #..## #.#
###........


You could see a death yak.

Vanquished Creatures
  A centaur warrior (D:8)
  A cyclops (D:8)
  2 trolls
  A hornet (D:9)
  A slime creature (D:8)
  13 yaks
  A wyvern (D:7)
  Edmund (D:4)
  An acid dragon (D:9)
  A water moccasin (D:7)
  An orc warrior (D:6)
  An ice beast (D:5)
  A sky beast (D:6)
  An ogre (D:4)
  A centaur (D:9)
  A kobold brigand (D:8)
  A phantom (D:5)
  A gnoll sergeant (D:10)
  2 scorpions
  4 bullfrogs
  10 wights
  6 killer bees (D:5)
  3 howler monkeys
  A crimson imp (D:4)
  A hound (D:6)
  7 orc priests
  5 jellies
  A gnoll bouda (D:9)
  A sleepcap (D:6)
  Jessica (D:2)
  4 iguanas
  10 orc wizards
  3 hell rats (D:10)
  16 gnolls
  5 adders
  A shadow imp (D:6)
  3 white imps
  An ufetubus (D:5)
  2 worms
  4 dart slugs
  26 orcs
  5 endoplasms
  2 giant cockroaches
  4 goblins (D:1)
  5 hobgoblins
  12 jackals
  5 quokkas
  7 ball pythons
  5 bats
  3 frilled lizards
  10 kobolds
  5 rats
211 creatures vanquished.

Notes
Turn   | Place    | Note
-------+----------+-------------------------------------------
     0 | D:1      | Dani the Demonspawn Gladiator began the quest for the Orb.
     0 | D:1      | Reached XP level 1. HP: 16/16 MP: 1/1
   138 | D:1      | Reached skill level 3 in Axes
   150 | D:1      | Gained mutation: You are partially covered in razor-sharp
                  | scales. (AC +1, Slay +1) [demonic ancestry]
   150 | D:1      | Reached XP level 2. HP: 21/22 MP: 2/2
   572 | D:1      | Reached XP level 3. HP: 26/27 MP: 3/3
   861 | D:1      | Reached skill level 4 in Axes
   970 | D:2      | Identified a scroll of acquirement
  1074 | D:1      | Reached XP level 4. HP: 29/33 MP: 4/4
  1355 | D:2      | Reached skill level 5 in Axes
  1464 | D:2      | Noticed Jessica
  1485 | D:2      | Killed Jessica
  1486 | D:2      | Gained mutation: You have a pair of small antennae on your
                  | head. [demonic ancestry]
  1486 | D:2      | Reached XP level 5. HP: 26/38 MP: 5/5
  1764 | D:2      | Found a shimmering altar of Xom.
  2038 | D:3      | Identified the +3 ring mail of Hairiness {rPois Int+3
                  | Dex+3}
  2670 | D:4      | Found Cujesimm's General Store.
  2672 | D:4      | Found Aheocr Muasu's Distillery.
  2688 | D:4      | Bought 2 potions of curing for 84 gold pieces
  2719 | D:4      | Found a shimmering altar of Xom.
  2719 | D:4      | Found a burning altar of Makhleb.
  2743 | D:4      | Reached skill level 6 in Axes
  2934 | D:4      | Found Coiwkieh's Assorted Antiques.
  2936 | D:4      | Noticed Edmund
  2970 | D:4      | Killed Edmund
  2971 | D:4      | Reached XP level 6. HP: 17/44 MP: 6/6
  3100 | D:4      | Bought a scroll labelled ROHEWY OCSAVVE for 24 gold pieces
  3100 | D:4      | Bought a scroll labelled LIM WID LOUXY for 24 gold pieces
  3100 | D:4      | Bought a scroll labelled ASIALU VOQ KUL for 24 gold pieces
  3197 | D:4      | Found Cuzaps's Magic Scroll Shoppe.
  3200 | D:4      | Acquired 709 gold pieces
  3202 | D:4      | Bought 3 scrolls of enchant armour for 247 gold pieces
  3202 | D:4      | Bought a scroll of blinking for 82 gold pieces
  3202 | D:4      | Bought a scroll of enchant armour for 82 gold pieces
  3202 | D:4      | Bought a scroll of fog for 44 gold pieces
  3338 | D:4      | Reached skill level 7 in Axes
  3497 | D:5      | Entered Level 5 of the Dungeon
  3510 | D:5      | Found a staircase to the Ecumenical Temple.
  3516 | Temple   | Entered the Ecumenical Temple
  3536 | Temple   | Became a worshipper of Gozag Ym Sagoz the Greedy
  3547 | D:5      | Gained mutation: You have a pair of antennae on your head.
                  | [demonic ancestry]
  3547 | D:5      | Reached XP level 7. HP: 47/50 MP: 7/7
  3801 | D:5      | Reached skill level 8 in Axes
  3971 | D:5      | Found a hide-covered altar of Uskayaw.
  4165 | D:5      | Reached skill level 9 in Axes
  4165 | D:5      | Reached XP level 8. HP: 56/56 MP: 8/8
  5699 | D:6      | Reached skill level 10 in Axes
  6575 | D:7      | Reached skill level 11 in Axes
  6660 | D:7      | Reached XP level 9. HP: 55/61 MP: 9/9
  6784 | D:7      | Identified the +2 hand axe of Naorcheq {heavy, rF++}
  7379 | D:7      | Reached skill level 12 in Axes
  7872 | D:7      | Found a shimmering blue altar of Sif Muna.
  8094 | D:8      | Noticed a troll
  8102 | D:8      | Killed a troll
  8103 | D:8      | Reached skill level 13 in Axes
  8362 | D:8      | Found a hazy altar of Hepliaklqana.
  8540 | D:8      | Found Covudet's Armour Shop.
  8565 | D:8      | Noticed a centaur warrior
  8578 | D:8      | HP: 8/61 [centaur warrior (10)]
  8582 | D:8      | Killed a centaur warrior
  8583 | D:8      | Reached XP level 10. HP: 12/67 MP: 10/10
  9304 | D:7      | Reached skill level 14 in Axes
  9623 | D:9      | Reached skill level 1 in Evocations
  9665 | D:9      | Found Votiokli's Book Shoppe.
  9736 | D:9      | Reached skill level 3 in Dodging
  9761 | D:9      | Found a sacrificial altar of Ru.
  9812 | D:9      | Reached skill level 1 in Armour
  9938 | D:8      | Noticed a cyclops
 10081 | D:8      | Killed a cyclops
 10348 | D:9      | Reached skill level 2 in Evocations
 10578 | D:9      | Reached skill level 3 in Fighting
 11002 | D:10     | Entered Level 10 of the Dungeon
 11013 | D:10     | Reached skill level 2 in Armour
 11257 | D:10     | Found a stormy altar of Qazlal.
 11299 | D:10     | Noticed a death yak
 11305 | D:10     | Noticed a death yak
 11307 | D:10     | Noticed a death yak
 11353 | D:10     | Noticed a two-headed ogre
 11401 | D:10     | Found Nibb's Distillery.
 11430 | D:9      | HP: 17/69 [death yak (16)]
 11431 | D:9      | HP: 7/69 [death yak (11)]
 11433 | D:9      | Mangled by a death yak

Illustrated notes

Levels and vault maps discovered:
D:1:      lemuel_arrival_room, layout_basic
D:2:      layout_basic, basic_altar, amcnicky_mini_pool_small, uniq_jessica
D:3:      layout_loops_ring
D:4:      layout_cave_pools, grunt_temple_overflow_champion_of_chaos,
          serial_shops, nicolae_shop_temple_entry_statues_fountains,
          nicolae_shop_rolled_up, nicolae_shop_just_a_little_nook, shop,
          uniq_edmund
D:5:      layout_layer_cave, nicolae_uskayaw_murder_on_the_dancefloor,
          minmay_temple_entry_nine_rooms, feat_on_display
D:6:      layout_cave_pods, lemuel_doored_altar
D:7:      layout_basic, lemuel_coloured_pillars_altar
D:8:      minmay_diamond_stairs, layout_basic, lemuel_crystal_altar,
          serial_shops, nicolae_shop_real_fake_doors
D:9:      layout_roguey, kennysheep_little_box, serial_shops, shop
D:10:     layout_loops_cross, nicolae_qazlal_eye_of_the_storm,
          dpeg_lair_monsters, serial_shops, shop, chequers_serial_rivers_micro_a
Temple:   nicolae_temple_bog_church

Skill      XL: |  1  2  3  4  5  6  7  8  9 10 |
---------------+-------------------------------+-----
Axes           | 3 4 5 6 7 9 11 13 14 | 14.4
Evocations     | 2 |  2.7
Dodging        | 3 |  3.8
Armour         | 2 |  2.4
Fighting       | 3 |  3.5
Throwing       | |  1.7

Action                     |  1- 3 |  4- 6 |  7- 9 | 10-12 || total
---------------------------+-------+-------+-------+-------++-------
  Melee: War axe           |    91 |   182 |   236 |       ||   509
         Punch             |       |       |     7 |     4 ||    11
         Hand axe          |       |       |    97 |   200 ||   297
  Throw: Dart              |       |     8 |     3 |     6 ||    17
         Javelin           |       |     5 |     4 |       ||     9
         Throwing net      |       |     3 |       |       ||     3
 Invoke: Call Merchant     |       |       |     1 |       ||     1
  Evoke: Wand              |       |     3 |     1 |       ||     4
    Use: Scroll            |     2 |     7 |     3 |       ||    12
         Potion            |       |       |     2 |     3 ||     5
   Stab: Held in net/web   |       |     1 |       |       ||     1
         Distracted        |       |       |     3 |     1 ||     4
 Armour: Leather armour    |    27 |       |       |       ||    27
         Ring mail         |     8 |    68 |   145 |    77 ||   298
  Dodge: Dodged            |    80 |    98 |   195 |   100 ||   473

Levels and vault maps discovered:
D:1:      lemuel_arrival_room, layout_basic
D:2:      layout_basic, basic_altar, amcnicky_mini_pool_small, uniq_jessica
D:3:      layout_loops_ring
D:4:      layout_cave_pools, grunt_temple_overflow_champion_of_chaos,
          serial_shops, nicolae_shop_temple_entry_statues_fountains,
          nicolae_shop_rolled_up, nicolae_shop_just_a_little_nook, shop,
          uniq_edmund
D:5:      layout_layer_cave, nicolae_uskayaw_murder_on_the_dancefloor,
          minmay_temple_entry_nine_rooms, feat_on_display
D:6:      layout_cave_pods, lemuel_doored_altar
D:7:      layout_basic, lemuel_coloured_pillars_altar
D:8:      minmay_diamond_stairs, layout_basic, lemuel_crystal_altar,
          serial_shops, nicolae_shop_real_fake_doors
D:9:      layout_roguey, kennysheep_little_box, serial_shops, shop
D:10:     layout_loops_cross, nicolae_qazlal_eye_of_the_storm,
          dpeg_lair_monsters, serial_shops, shop, chequers_serial_rivers_micro_a
Temple:   nicolae_temple_bog_church

Table legend: (Time is in decaauts)
 A = Elapsed time spent in this place.
 B = Non-inter-level travel time spent in this place.
 C = Inter-level travel time spent in this place.
 D = Time resting spent in this place.
 E = Time spent auto-exploring this place.
 F = Levels seen in this place.
 G = Mean time per level.
                   A        B        C        D        E       F      G
               +--------+--------+--------+--------+--------+-----+--------+
         Total |  11523 |  10940 |    583 |    722 |   7992 |  11 | 1047.5 |
       Dungeon |  11496 |  10919 |    577 |    722 |   7981 |  10 | 1149.6 |
        Temple |     27 |     21 |      6 |      0 |     11 |   1 |   27.0 |
               +--------+--------+--------+--------+--------+-----+--------+

Top non-repeatable levels by time:
     D:5: 1781 daAuts
     D:6: 1752 daAuts
     D:8: 1522 daAuts
     D:9: 1281 daAuts
     D:7: 1155 daAuts
     D:1: 1126 daAuts
     D:4: 996 daAuts
     D:2: 953 daAuts
     D:3: 648 daAuts
    D:10: 277 daAuts
  Temple: 27 daAuts

Table legend:
 A = Kills in this place as a percentage of kills in the entire game.
 B = Kills by you in this place as a percentage of kills by you in the entire game.
 C = Kills by friends in this place as a percentage of kills by friends in the entire game.
 D = Other kills in this place as a percentage of other kills in the entire game.
 E = Experience gained in this place as a percentage of experience gained in the entire game.
 F = Experience gained in this place divided by the number of levels of this place that you have seen.
                   A       B       C       D       E      F
               +-------+-------+-------+-------+-------+----------------------
         Total | 100.0 | 100.0 |   N/A |   N/A | 100.0 | 930.7
       Dungeon | 100.0 | 100.0 |   N/A |   N/A | 100.0 | 1023.8
               +-------+-------+-------+-------+-------+----------------------
